 Dungeon Crawl Stone Soup version 0.30-a0-723-gc1506a1cf0 (webtiles) character file.

Game seed: 793823177932980401

115 Monkooky the Trooper (level 4, -7/40 HPs)
             Began as a Demigod Brigand on Jan 29, 2023.
             Mangled by an ogre
             ... wielding a +0 giant club
              (14 damage)
             ... on level 3 of the Dungeon.
             The game lasted 00:03:08 (1822 turns).

Monkooky the Trooper (Demigod Brigand)              Turns: 1822, Time: 00:03:09

Health: -7/40      AC:  7    Str: 12    XL:     4   Next: 41%
Magic:  6/6        EV: 12    Int: 13    God:
Gold:   86         SH:  0    Dex: 19    Spells: 3/3 levels left

rFire   . . .      SeeInvis .    a - +2 dagger
rCold   . . .      Faith    .    (no shield)
rNeg    . . .      Spirit   .    b - +0 robe
rPois   .          Reflect  .    k - +1 helmet
rElec   .          Harm     .    c - +0 cloak
rCorr   .          Rampage  .    p - +1 pair of gloves
Will    .....                    (no boots)
Stlth   +++                      (no amulet)
HPRegen 0.26/turn                (no ring)
MPRegen 0.10/turn                (no ring)

@: weak-willed
A: high MP 1, forlorn, divine attributes
a: no special abilities


You were on level 3 of the Dungeon.
You visited 1 branch of the dungeon, and saw 3 of its levels.

You collected 86 gold pieces.

Inventory:

Hand Weapons
 a - a +2 dagger (weapon)
Missiles
 d - 19 poisoned darts (quivered)
Armour
 b - a +0 robe (worn)
 c - a +0 cloak (worn)
 h - a +0 pair of gloves
 k - a +1 helmet (worn)
 p - a +1 pair of gloves (worn)
Scrolls
 g - a scroll of poison
 i - a scroll of silence {unknown}
 j - a scroll of blinking {unknown}
 l - a scroll of enchant weapon {unknown}
 m - a scroll of identify
 n - 2 scrolls of vulnerability
Potions
 f - a potion of mutation {unknown}
 o - a potion of attraction {unknown}


   Skills:
 - Level 4.2 Fighting
 - Level 1.8 Short Blades
 + Level 2.1 Throwing
 - Level 1.0 Dodging
 - Level 3.6 Stealth


You had 3 spell levels left.
You didn't know any spells.
Your spell library was empty.

Dungeon Overview and Level Annotations

Branches:
Dungeon (3/15)


Innate Abilities, Weirdness & Mutations

You have an increased reservoir of magic. (+10% MP)
You shall have no god before yourself.
Your divine heritage dramatically boosts your attributes as you level up.


Message History

The ogre barely misses you.
Throw: 2 darts (curare)
Press: ? - help, Shift-Dir - straight line, f/p - ogre
Aim: an ogre, wielding a +0 giant club (77% to hit)
You throw a curare-tipped dart.
The curare-tipped dart barely misses the ogre.
Throw: dart (curare)
Press: ? - help, Shift-Dir - straight line, f/p - ogre
Aim: an ogre, wielding a +0 giant club (77% to hit)
You throw a curare-tipped dart.
The curare-tipped dart completely misses the ogre.
The ogre closely misses you.
You aren't carrying any items that you can evoke.
As you read the scroll labelled QYNERONUQI, it crumbles to dust.
Magic quickly surges around you.
It was a scroll of vulnerability.
The ogre hits you with a +0 giant club!!
Ouch! That really hurt!
* * * LOW HITPOINT WARNING * * *
An orc comes into view.
It is wielding a +0 dagger and quivering poisoned darts.
You aren't carrying any items that you can evoke.
As you read the scroll labelled XEUR ELOBUO, it crumbles to dust.
It is a scroll of identify.
g - a scroll of poison The orc shouts!
The orc hits you but does no damage.
You hit the ogre.
The ogre is lightly wounded.
The ogre barely misses you.
You hit the ogre.
The ogre is lightly wounded.
The orc hits you but does no damage.
You barely miss the ogre.
The ogre is lightly wounded.
The ogre hits you with a +0 giant club!
* * * LOW HITPOINT WARNING * * *
The orc barely misses you.
You closely miss the ogre.
The ogre is lightly wounded.
The orc hits you but does no damage. The ogre hits you with a +0 giant club!
You die...

...........#.##...........#
# ........#....
#####.(.#####.#
......#......# ##.#.......#
####..###....# #.###...##
#..# #.#.# #..#.##.#
#†......#.# #.#.###.#
##....... #.#..##.# #####.#
#####.##.##.# #
#.O@o....##.#
#.###.......#####
####.####..........#
#............#.###.#
#.##.####..###.# .#
#.##...........# ..
#.########.##### .#. #...#
#†# >#.# ###.# ###.### .# #


You could see an ogre (weak-willed) and an orc.

Vanquished Creatures
  4 adders
  6 worms
  2 dart slugs
  An orc (D:3)
  5 endoplasms
  5 giant cockroaches
  4 hobgoblins
  2 kobolds
  4 quokkas
  4 ball pythons
  6 bats
  3 frilled lizards
  6 goblins
  5 rats
57 creatures vanquished.

Notes
Turn   | Place    | Note
-------+----------+-------------------------------------------
     0 | D:1      | Monkooky the Demigod Brigand began the quest for the Orb.
     0 | D:1      | Reached XP level 1. HP: 17/17 MP: 3/3
    41 | D:1      | Reached skill level 1 in Dodging
   142 | D:1      | Reached skill level 2 in Fighting
   236 | D:1      | Reached XP level 2. HP: 24/25 MP: 4/4
   767 | D:1      | Reached skill level 3 in Fighting
   841 | D:2      | Reached XP level 3. HP: 31/31 MP: 5/5
  1043 | D:2      | Reached skill level 4 in Fighting
  1043 | D:2      | Reached XP level 4. HP: 31/40 MP: 6/6
  1779 | D:3      | Noticed an ogre
  1822 | D:3      | Mangled by an ogre

Illustrated notes

Levels and vault maps discovered:
D:1:      dpeg_arrival_more_subterranean_lakeside_camping, layout_loops_ring
D:2:      layout_loops_cross, basic_altar
D:3:      corexii_shack_village, layout_loops_cross

Skill      XL: |  1  2  3  4 |
---------------+-------------+-----
Dodging        | 1 |  1.0
Fighting       | 2 3 4 |  4.2
Throwing       | 2 |  2.1
Short Blades   | |  1.8
Stealth        | |  3.6

Action                     |  1- 3 |  4- 6 || total
---------------------------+-------+-------++-------
  Melee: Dagger            |   143 |    38 ||   181
         Punch             |     1 |     1 ||     2
  Throw: Dart              |       |    11 ||    11
    Use: Scroll            |       |     2 ||     2
   Stab: Sleeping          |    10 |     9 ||    19
 Armour: Robe              |    52 |     7 ||    59
  Dodge: Dodged            |    69 |    13 ||    82

Table legend: (Time is in decaauts)
 A = Elapsed time spent in this place.
 B = Non-inter-level travel time spent in this place.
 C = Inter-level travel time spent in this place.
 D = Time resting spent in this place.
 E = Time spent auto-exploring this place.
 F = Levels seen in this place.
 G = Mean time per level.
                   A        B        C        D        E       F      G
               +--------+--------+--------+--------+--------+-----+--------+
         Total |   1805 |   1748 |     57 |      0 |   1303 |   3 |  601.7 |
       Dungeon |   1805 |   1748 |     57 |      0 |   1303 |   3 |  601.7 |
               +--------+--------+--------+--------+--------+-----+--------+

Top non-repeatable levels by time:
     D:1: 809 daAuts
     D:2: 700 daAuts
     D:3: 296 daAuts
